 Dungeon Crawl Stone Soup version 0.30-a0-989-g0d87f670db (webtiles) character file.

Game seed: 14872582289205836008

47726 Jeffwins the Arsonist (level 14, -1/93 HPs)
             Began as a Human Wanderer on Apr 3, 2023.
             Was a High Priest of Vehumet.
             Slain by a dire elephant (33 damage)
             ... on level 5 of the Lair of Beasts.
             The game lasted 00:48:00 (25361 turns).

Jeffwins the Arsonist (Human Wanderer)             Turns: 25361, Time: 00:48:01

Health: -1/93      AC: 12    Str: 11 (12) XL:     14   Next: 83%
Magic:  19/36      EV: 11    Int: 23 (24) God:    Vehumet [*****.]
Gold:   1806       SH:  5    Dex: 13      Spells: 4/31 levels left

rFire   . . .      SeeInvis +    a - +6 war axe of the Inferno {flame, rElec}
rCold   . . .      Faith    +    S - +0 buckler
rNeg    . . .      Spirit   .    A - +2 leather armour "Zezee" {rPois MP+9 SInv Stlth-}
rPois   +          Reflect  .    C - +2 helmet
rElec   +          Rampage  .    G - +1 cloak
rCorr   .                        m - +0 pair of gloves
Will    ++...                    b - +0 pair of boots {Fly}
Stlth   ++                       H - amulet of faith {!P}
HPRegen 0.35/turn                Y - ring of willpower
MPRegen 0.25/turn                I - +6 ring of intelligence

@: flying, studying Ranged Weapons
A: no striking features
a: Renounce Religion


You were on level 5 of the Lair of Beasts.
You worshipped Vehumet.
Vehumet was extremely pleased with you.
You visited 3 branches of the dungeon, and saw 18 of its levels.
You also visited: Sewer.

You collected 2346 gold pieces.
You spent 540 gold pieces at shops.


   Skills:
 + Level 3.3 Fighting
 - Level 5.0 Short Blades
 * Level 8.6(8.8) Axes
 - Level 2.9(6.3) Polearms
 - Level 2.0(2.7) Staves
 + Level 4.2 Throwing
 - Level 1.0 Armour
 - Level 2.0 Dodging
 - Level 5.0 Stealth
 + Level 4.3 Shields
 * Level 9.1 Spellcasting
 * Level 9.6 Conjurations
 - Level 4.0 Translocations
 * Level 4.3 Transmutations
 * Level 9.7 Fire Magic
 * Level 5.8 Air Magic
 * Level 2.8 Earth Magic
 * Level 6.1 Poison Magic
 * Level 7.1 Evocations


You had 4 spell levels left.
You knew the following spells:

 Your Spells              Type           Power      Damage    Failure   Level
c - Scorch                Fire           100%       2d10      1%          2
l - Lee's Rapid Deconstr  Erth           11%        3d8*      22%         5
m - Mephitic Cloud        Conj/Pois/Air  43%        N/A       1%          3
p - Foxfire               Conj/Fire      100%       2x1d6     1%          1
s - Sticky Flame          Conj/Fire      53%        2d7       1%          4
v - Fireball              Conj/Fire      26%        3d12      1%          5
x - Ignite Poison         Fire/Tmut/Pois 41%        N/A       1%          3
z - Poisonous Vapours     Pois/Air       76%        N/A       1%          2
I - Blink                 Tloc           56%        N/A       3%          2

Your spell library contained the following spells:

 Spells                   Type           Power      Damage    Failure   Level
 Flame Wave               Conj/Fire      53%        2d13      1%          4
 Magic Dart               Conj           100%       1d8       1%          1
 Momentum Strike          Conj/Tloc      82%        3d10      1%          2
 Searing Ray              Conj           100%       2d8       1%          2
 Dazzling Flash           Conj/Hex       64%        N/A       1%          3
 Inner Flame              Hex/Fire       33%        N/A       1%          3
 Iskenderun's Mystic Bla  Conj/Tloc      41%        2d9       1%          4
 Wereblood                Tmut           30%        N/A       2%          2
 Cigotuvi's Dreadful Rot  Necr/Pois/Air  56%        N/A       3%          2
 Lesser Beckoning         Tloc           56%        N/A       3%          2
 Vhi's Electric Charge    Tloc/Air       66%        N/A       4%          3
 Fulminant Prism          Conj/Hex       16%        3d10      4%          4
 Slow                     Hex            40%        N/A       11%         1
 Sublimation of Blood     Necr           10%        N/A       16%         2
 Passage of Golubria      Tloc           28%        N/A       21%         4
 Confusing Touch          Hex            10%        N/A       32%         3
 Tukima's Dance           Hex            10%        N/A       32%         3
 Vampiric Draining        Necr           10%        2d6       32%         3
 Arcjolt                  Conj/Air       23%        1d33      3%          5
 Starburst                Conj/Fire      26%        6d8       9%          6
 Yara's Violent Unravell  Hex/Tmut       10%        3d6       30%         5
 Eringya's Noxious Bog    Tmut/Pois      17%        N/A       41%         6
 Silence                  Hex/Air        11%        N/A       65%         5
 Summon Forest            Summ/Tloc      9%         N/A       78%         5
 Summon Hydra             Summ           5%         N/A       100%        7
 Lehudib's Crystal Spear  Conj/Erth      19%        10d6      100%        8
 Maxwell's Capacitive Co  Air            18%        ∞         100%        8

Inventory:

Hand Weapons
 a - the +6 war axe of the Inferno (weapon) {flame, rElec}
   (You took it off an orc on level 5 of the Dungeon)

   rElec:     It insulates you from electricity.
Missiles
 t - 49 poisoned darts (quivered)
 E - 4 throwing nets {=f}
 O - 5 curare-tipped darts {=f}
Armour
 b - a +0 pair of boots of flying (worn)
 m - a +0 pair of gloves (worn)
 z - a +0 kite shield
 A - the +2 leather armour "Zezee" (worn) {rPois MP+9 SInv Stlth-}
   (You found it on level 10 of the Dungeon)

   rPois:     It protects you from poison.
   MP:        It affects your magic capacity (+9).
   SInv:      It lets you see invisible.
   Stlth:     It makes you less stealthy.
 C - a +2 helmet (worn)
 G - a +1 cloak (worn)
 M - the +4 skin of Zhor {*Englaciate rC+++ SInv}
   (You found it on level 2 of the Lair of Beasts)

   *Englaciate: It radiates cold, occasionally slowing all nearby creatures who
   are not resistant to cold.
   rC:        It renders you almost immune to cold.
   SInv:      It lets you see invisible.
 P - a +2 robe of resistance
 S - a +0 buckler (worn)
Jewellery
 v - a ring of see invisible
 B - an amulet of reflection
 F - a ring of fire
 H - an amulet of faith (around neck) {!P}
 I - a +6 ring of intelligence (right hand)
 R - a ring of resist corrosion
 X - the ring "Fell" {Wiz rPois rF- Str+9}
   (You took it off a gnoll on level 10 of the Dungeon)

   [ring of wizardry]

   It improves your spell success rate.
   Str:       It affects your strength (+9).
   rF:        It makes you vulnerable to fire.
   rPois:     It protects you from poison.
 Y - a ring of willpower (left hand)
Wands
 o - a wand of quicksilver (4)
 p - a wand of mindburst (5)
 y - a wand of polymorph (7)
 K - a wand of digging (5)
 L - a wand of iceblast (13)
 W - a wand of paralysis (22)
 Z - a wand of flame (30)
Scrolls
 g - 11 scrolls of teleportation {@r4}
 i - 3 scrolls of blinking
 j - 6 scrolls of vulnerability {!r}
 k - 5 scrolls of enchant armour
 r - 2 scrolls of immolation {!r}
 u - 8 scrolls of fog
 D - a scroll of fear
 J - 4 scrolls of amnesia
 N - 2 scrolls of poison {!r}
 Q - a scroll of silence {!r}
 T - 3 scrolls of magic mapping
 U - a scroll of butterflies
Potions
 c - 7 potions of curing {@q1}
 d - 2 potions of mutation {!q}
 e - 4 potions of invisibility
 h - 4 potions of brilliance
 l - 4 potions of heal wounds {@q2}
 n - 2 potions of berserk rage {!q}
 q - a potion of magic
 s - a potion of cancellation
 w - 4 potions of flight
 x - a potion of haste {@q3}
 V - 2 potions of resistance
Miscellaneous
 f - a box of beasts

Dungeon Overview and Level Annotations

Branches:
Dungeon (12/15)            Temple (1/1) D:4            Lair (5/5) D:11
 Shoals (0/4) Lair:2       Spider (0/4) Lair:2        Slime (0/5) Lair:4
    Orc (0/2) D:12          Sewer (visited)

Altars:
Ashenzari
Cheibriados
Dithmenos
Elyvilon
Fedhas
Gozag
Hepliaklqana
Kikubaaqudgha
Makhleb
Nemelex Xobeh
Okawaru
Qazlal
Ru
Sif Muna
Trog
Uskayaw
Vehumet
Wu Jian
Xom
Yredelemnul
Zin
The Shining One

Shops:
D:12 ::(

Annotations:
Lair:4 1 runed translucent door

▒([... 8.YY8 ▒▒▒▒▒ ▒▒8.8▒▒
▒▒▒▒8.⌠P8▒ ▒▒♣♣♣▒ .. .......
▒▒....♣▒ ....
▒▒▒▒▒'''▒▒▒▒▒▒▒▒♣....... .....
♣......Y...........###.. ....#
.###...@...#.##P.####.#. (...#
#####.......###### ####
....#### #.# ##....###
.......###.####.....# #
............)......## #
...................## #
....................# #
....................## ### #
.###...............#.#####.####
#


You could see 3 dire elephants.


Message History

The dire elephant is severely wounded.
The dire elephant tramples you!!
* * * LOW HITPOINT WARNING * * *
You hold your ground!
The dire elephant trunk-slaps you!
* * * LOW HITPOINT WARNING * * *
The dire elephant tramples the withered plant!
The dire elephant trunk-slaps the withered plant!
Something tramples the withered plant!
Something trunk-slaps the withered plant!
Casting: Ignite Poison (safe; 1% risk of failure)
Confirm with . or Enter, or press ? or * to list all spells.
Aiming: Poisonous Vapours (safe; 1% risk of failure)
Press: ? - help, Dir - move target, f/p - dire elephant
Aim: a dire elephant (severely wounded, more vulnerable to fire) Poisonous vapours surround the dire elephant!
The dire elephant is poisoned.
The dire elephant tramples you but does no damage.
The dire elephant trunk-slaps you.
* * * LOW HITPOINT WARNING * * *
Something tramples the withered plant.
Something trunk-slaps the withered plant!
Casting: Poisonous Vapours (safe; 1% risk of failure)
Confirm with . or Enter, or press ? or * to list all spells.
You ignite the poison in your surroundings!
The dire elephant seems to burn from within!!
The dire elephant is almost dead.
The withered plant crumbles away.
The dire elephant is no longer more vulnerable to fire.
The dire elephant tramples you!!
You die...

Skill      XL: |  1  2  3  4  5  6  7  8  9 10 11 12 13 14 |
---------------+-------------------------------------------+-----
Conjurations   | 1 2 3 4 5 6 7 8 9 |  9.6
Short Blades   | 1 2 3 4 5 |  5.0
Stealth        | 2 3 4 5 |  5.0
Translocations | 1 2 3 4 |  4.0
Fire Magic     | 3 4 5 6 7 8 9 |  9.7
Spellcasting   | 3 4 5 6 7 8 9 |  9.1
Polearms       | 1 2 |  2.9
Evocations     | 1 2 3 4 5 6 7 |  7.1
Axes           | 3 4 5 7 8 |  8.6
Poison Magic   | 2 3 4 5 6 |  6.1
Air Magic      | 2 3 4 5 |  5.8
Shields        | 1 2 3 4 |  4.3
Throwing       | 2 3 4 |  4.2
Fighting       | 2 3 |  3.3
Transmutations | 3 4 |  4.3
Earth Magic    | 2 |  2.8
Staves         | |  2.0
Armour         | |  1.0
Dodging        | |  2.0

Action                     |  1- 3 |  4- 6 |  7- 9 | 10-12 | 13-15 || total
---------------------------+-------+-------+-------+-------+-------++-------
  Melee: Quarterstaff      |     3 |       |       |       |       ||     3
         Dagger            |    61 |   119 |    25 |       |       ||   205
         Punch             |       |     2 |       |     1 |       ||     3
         Trident           |       |       |    14 |       |       ||    14
         War axe           |       |       |     2 |   100 |    34 ||   136
  Throw: Dart              |       |       |       |     5 |       ||     5
   Cast: Foxfire           |    24 |   102 |   243 |   368 |    24 ||   761
         Sticky Flame      |       |       |     6 |    70 |    24 ||   100
         Blink             |       |       |     1 |       |       ||     1
         Scorch            |       |       |       |    64 |   117 ||   181
         Fireball          |       |       |       |     8 |    67 ||    75
         Poisonous Vapours |       |       |       |     3 |    92 ||    95
         Mephitic Cloud    |       |       |       |     2 |       ||     2
         Ignite Poison     |       |       |       |       |    43 ||    43
  Evoke: Wand              |       |       |    10 |     5 |     5 ||    20
    Use: Scroll            |     4 |     6 |     4 |     8 |     4 ||    26
         Potion            |       |       |       |     1 |     5 ||     6
   Stab: Sleeping          |     3 |     2 |     2 |       |       ||     7
         Distracted        |       |     1 |       |       |       ||     1
         Paralysed         |       |       |       |       |     4 ||     4
 Armour: Robe              |     8 |       |       |    76 |       ||    84
         Leather armour    |     7 |    43 |    39 |    27 |    56 ||   172
         Steam dragon scal |       |       |    15 |       |       ||    15
  Dodge: Dodged            |    19 |    61 |    47 |   180 |    81 ||   388
  Block: Buckler           |       |       |       |    19 |    33 ||    52

Levels and vault maps discovered:
D:1:      amcnicky_arrival_blooded_trapdoor, layout_basic,
          shapermc_ecumenical_altar_pompeii
D:2:      layout_basic, uniq_robin
D:3:      minmay_razor_zed, layout_basic, kennysheep_slug_shrine,
          gup_sewer_entry_spiral
D:4:      layout_gridville, minmay_temple_entry_proselytizer, uniq_grinder
D:5:      layout_rooms, uniq_blork_the_orc
D:6:      layout_loops_ring, nzn_wu_jian_contemplation,
          okawaru_ov_weapons_minmay, uniq_maggie
D:7:      layout_loops_ring, vehumet_statue
D:8:      layout_loops_ring, gammafunk_temple_overflow_pools,
          serial_bayou_lagoon_a, uniq_maurice
D:9:      layout_basic
D:10:     layout_loops_ring
D:11:     layout_long_grid, david_lair_generic, minmay_diced_spiral, uniq_harold
D:12:     minmay_isolated_rectangles_in_corner, layout_basic, zombieorc2_lemuel,
          serial_shops, shop, nicolae_shop_advertising_works
          [nicolae_subvault_shop_adworks], shop, dk_noncrumbling_2,
          uniq_josephine, uniq_urug
Temple:   nicolae_temple_elliptical
Lair:1:   layout_cave_shapes, lemuel_oklob_altar
Lair:2:   layout_cave_shapes, elwin_shoals_entry_stream,
          hellmonk_spider_entry_life_and_decay, hellmonk_guarded_unrand_zhor
Lair:3:   layout_loops_ring, serial_bayou, serial_bayou_shore_b,
          serial_bayou_pond_e, serial_bayou_pond_d, serial_bayou_ford_a,
          grunt_megastairs_3
Lair:4:   layout_hall_layers, slime_entry_2, serial_bayou_shore_a,
          lemuel_fruit_fields, uniq_sonja
Lair:5:   due_jungle_book, layout_cellular_growth, lemuel_fruit_tree

Notes
Turn   | Place    | Note
-------+----------+-------------------------------------------
     0 | D:1      | Jeffwins the Human Wanderer began the quest for the Orb.
     0 | D:1      | Jeffwins set off with the following items: a +0
                  | quarterstaff, a +0 pair of boots, a potion of curing {@q1},
                  | a +0 robe; and the following spell memorised: Foxfire; and
                  | the following spells available to memorise: Inner Flame,
                  | Sticky Flame.
     0 | D:1      | Reached XP level 1. HP: 13/13 MP: 3/3
   127 | D:1      | Reached XP level 2. HP: 19/19 MP: 1/5
   717 | D:1      | Reached skill level 1 in Conjurations
   934 | D:1      | Reached XP level 3. HP: 17/24 MP: 6/6
   940 | D:1      | Learned a level 2 spell: Blink
   972 | D:1      | Found a faded altar of an unknown god.
  1643 | D:2      | Reached skill level 1 in Short Blades
  1767 | D:2      | Noticed Robin
  1809 | D:3      | Reached XP level 4. HP: 30/30 MP: 3/7
  1982 | D:3      | Found a glowing drain.
  1986 | Sewer    | Entered a sewer
  2121 | Sewer    | Noticed Pargi
  2135 | Sewer    | Killed Pargi
  2136 | Sewer    | Reached skill level 2 in Stealth
  2136 | Sewer    | Reached skill level 2 in Conjurations
  2136 | Sewer    | Reached skill level 1 in Translocations
  2136 | Sewer    | Reached XP level 5. HP: 22/35 MP: 3/9
  2205 | Sewer    | Reached skill level 2 in Short Blades
  2205 | Sewer    | Reached skill level 3 in Fire Magic
  2205 | Sewer    | Reached XP level 6. HP: 41/41 MP: 7/10
  2517 | D:3      | Reached skill level 3 in Spellcasting
  2523 | D:3      | Learned a level 4 spell: Sticky Flame
  3345 | D:3      | Found a snail-covered altar of Cheibriados.
  3445 | D:2      | Killed Robin
  4486 | D:4      | Reached XP level 7. HP: 46/46 MP: 3/12
  4705 | D:4      | Noticed Grinder
  4728 | D:4      | Killed Grinder
  4729 | D:4      | Reached skill level 1 in Polearms
  4729 | D:4      | Reached skill level 3 in Conjurations
  4729 | D:4      | Reached skill level 1 in Evocations
  4850 | D:4      | Found a staircase to the Ecumenical Temple.
  4880 | Temple   | Entered the Ecumenical Temple
  5241 | D:4      | Reached skill level 2 in Translocations
  5241 | D:4      | Reached XP level 8. HP: 50/52 MP: 13/13
  5289 | D:4      | Reached skill level 2 in Polearms
  5379 | D:3      | Reached skill level 4 in Fire Magic
  5576 | D:4      | Reached skill level 3 in Stealth
  5576 | D:4      | Reached skill level 4 in Spellcasting
  5734 | D:4      | Reached skill level 3 in Short Blades
  6179 | D:5      | Entered Level 5 of the Dungeon
  6447 | D:5      | Noticed Blork the orc
  6628 | D:5      | Killed Blork the orc
  6629 | D:5      | Reached skill level 4 in Conjurations
  6725 | D:5      | Reached skill level 2 in Evocations
  6736 | D:5      | Identified the +6 war axe of the Inferno {flame, rElec}
  6897 | D:5      | Reached XP level 9. HP: 57/57 MP: 8/15
  7278 | D:6      | Found an ornate altar of the Wu Jian Council.
  7312 | D:6      | Reached skill level 1 in Axes
  7400 | D:6      | Noticed a hornet
  7408 | D:6      | Paralysed by a hornet for 1 turns
  7411 | D:6      | Killed a hornet
  7412 | D:6      | Reached skill level 3 in Translocations
  7412 | D:6      | Reached skill level 5 in Fire Magic
  7413 | D:6      | Noticed Maggie
  7689 | D:6      | Found an iron altar of Okawaru.
  7779 | D:6      | Reached skill level 2 in Axes
  7970 | D:6      | Killed Maggie
  7971 | D:6      | Reached skill level 5 in Spellcasting
  8216 | D:7      | Reached skill level 4 in Stealth
  8270 | D:7      | Reached skill level 5 in Conjurations
  8351 | D:7      | Reached skill level 3 in Evocations
  8569 | D:7      | Reached skill level 3 in Axes
  8667 | D:7      | Learned a level 3 spell: Mephitic Cloud
  8696 | D:7      | Identified a +2 robe of resistance
  8739 | D:7      | Reached XP level 10. HP: 57/63 MP: 5/17
  9334 | D:7      | Reached skill level 4 in Short Blades
  9472 | D:7      | Found a radiant altar of Vehumet.
  9494 | D:7      | Became a worshipper of Vehumet
  9742 | D:8      | Reached skill level 1 in Poison Magic
  9891 | D:8      | Identified the +3 chain mail of Wu Jian's Condemnation
                  | {rElec}
 10164 | D:8      | Found a shimmering blue altar of Sif Muna.
 10164 | D:8      | Found a hide-covered altar of Uskayaw.
 10254 | D:8      | Reached skill level 1 in Air Magic
 10271 | D:8      | Noticed Maurice
 10387 | D:8      | Reached skill level 6 in Fire Magic
 10394 | D:8      | Killed Maurice
 10673 | D:8      | Reached skill level 4 in Axes
 11047 | D:9      | Reached skill level 6 in Conjurations
 11112 | D:9      | Reached skill level 2 in Poison Magic
 11291 | D:8      | Reached skill level 6 in Spellcasting
 11291 | D:8      | Reached skill level 4 in Translocations
 11348 | D:8      | Reached * piety under Vehumet
 11348 | D:8      | Offered knowledge of Shock by Vehumet.
 11349 | D:8      | Reached skill level 2 in Air Magic
 11372 | D:8      | Reached skill level 5 in Stealth
 11372 | D:8      | Reached XP level 11. HP: 55/68 MP: 15/20
 11422 | D:8      | Reached skill level 4 in Evocations
 11848 | D:9      | Reached skill level 5 in Axes
 12079 | D:9      | Reached skill level 7 in Fire Magic
 12296 | D:9      | Offered knowledge of Freeze by Vehumet.
 12376 | D:9      | Reached ** piety under Vehumet
 12844 | D:10     | Entered Level 10 of the Dungeon
 12862 | D:9      | Reached skill level 5 in Short Blades
 12862 | D:9      | Reached skill level 3 in Poison Magic
 13303 | D:10     | Paralysed by a hornet for 2 turns
 13306 | D:10     | Paralysed by a hornet for 1 turns
 13314 | D:10     | Reached skill level 7 in Conjurations
 13552 | D:10     | Identified the ring "Fell" {Wiz rPois rF- Str+9}
 13907 | D:10     | Reached skill level 3 in Air Magic
 14091 | D:10     | Identified the +2 leather armour "Zezee" {rPois MP+9 SInv
                  | Stlth-}
 14343 | D:11     | Noticed Harold
 14366 | D:10     | Killed Harold
 14497 | D:11     | Reached skill level 7 in Spellcasting
 14503 | D:11     | Learned a level 2 spell: Poisonous Vapours
 14578 | D:11     | Reached skill level 1 in Shields
 14607 | D:11     | Noticed a cyclops
 14614 | D:11     | Killed a cyclops
 14857 | D:11     | Reached XP level 12. HP: 68/74 MP: 22/22
 14878 | D:11     | Found a staircase to the Lair.
 14884 | D:11     | Offered knowledge of Scorch by Vehumet.
 14885 | D:11     | Reached skill level 6 in Axes
 14950 | D:11     | Learned a level 2 spell: Scorch
 15177 | D:11     | Noticed a boulder beetle
 15187 | D:11     | Killed a boulder beetle
 15188 | D:11     | Reached skill level 1 in Throwing
 15197 | D:11     | Reached skill level 5 in Evocations
 15461 | D:11     | Reached skill level 8 in Fire Magic
 15782 | D:11     | Reached skill level 2 in Shields
 15871 | D:12     | Found Xurem's Weapon Emporium.
 15877 | D:12     | Noticed Urug
 15891 | D:12     | Killed Urug
 16039 | D:12     | Noticed a two-headed ogre
 16048 | D:12     | Killed a two-headed ogre
 16048 | D:12     | Reached *** piety under Vehumet
 16049 | D:12     | Reached skill level 4 in Poison Magic
 16206 | D:12     | Found Haocizics's Book Shoppe.
 16207 | D:12     | Identified the +1 hand axe "Poabloxa" {speed, *Noise Str+3
                  | Dex+3}
 16219 | D:12     | Reached skill level 8 in Conjurations
 16275 | D:12     | Bought a book of Fire for 540 gold pieces
 16281 | D:12     | Learned a level 5 spell: Fireball
 16359 | D:12     | Reached skill level 4 in Air Magic
 16367 | D:12     | Reached skill level 2 in Throwing
 16522 | D:12     | Found Efoschao's Book Emporium.
 17035 | D:12     | Offered knowledge of Kindle Blastsparks by Vehumet.
 17050 | D:12     | Noticed Josephine
 17269 | D:12     | Killed Josephine
 17270 | D:12     | Reached skill level 7 in Axes
 17321 | D:12     | Noticed a boulder beetle
 17329 | D:12     | Noticed a two-headed ogre
 17333 | D:11     | Killed a boulder beetle
 17453 | D:11     | Killed a two-headed ogre
 17454 | D:11     | Reached XP level 13. HP: 9/79 MP: 16/24
 17680 | D:11     | Reached skill level 8 in Spellcasting
 17825 | D:12     | Reached skill level 3 in Shields
 17891 | D:12     | Reached **** piety under Vehumet
 17984 | D:12     | Offered knowledge of Ignite Poison by Vehumet.
 18006 | D:12     | Learned a level 3 spell: Ignite Poison
 18042 | D:12     | Found a staircase to the Orcish Mines.
 18173 | D:12     | Noticed a centaur warrior
 18426 | D:12     | Killed a centaur warrior
 18429 | D:12     | Reached skill level 1 in Fighting
 18429 | D:12     | Reached skill level 1 in Transmutations
 19083 | D:12     | Reached skill level 9 in Fire Magic
 19126 | D:12     | Reached skill level 5 in Poison Magic
 19246 | D:11     | Reached skill level 3 in Throwing
 19246 | D:11     | Reached skill level 6 in Evocations
 19456 | D:11     | Reached skill level 2 in Transmutations
 19495 | D:12     | Reached skill level 2 in Fighting
 19807 | Lair:1   | Entered Level 1 of the Lair of Beasts
 20037 | Lair:1   | Reached skill level 9 in Conjurations
 20365 | Lair:1   | Found a hazy altar of Hepliaklqana.
 21275 | Lair:2   | Reached ***** piety under Vehumet
 21389 | Lair:2   | Offered knowledge of Lee's Rapid Deconstruction by Vehumet.
 21390 | Lair:2   | Reached skill level 8 in Axes
 21396 | Lair:2   | Learned a level 5 spell: Lee's Rapid Deconstruction
 21459 | Lair:2   | Found a staircase to the Shoals.
 21535 | Lair:2   | Noticed a five-headed hydra
 21553 | Lair:2   | Reached skill level 5 in Air Magic
 21553 | Lair:2   | Killed a five-headed hydra
 21677 | Lair:2   | Reached skill level 3 in Transmutations
 21677 | Lair:2   | Reached XP level 14. HP: 90/90 MP: 26/26
 21782 | Lair:2   | Found a hole to the Spider Nest.
 21841 | Lair:2   | Identified a scroll of acquirement
 21841 | Lair:2   | Acquired 939 gold pieces
 22102 | Lair:2   | Found the +4 skin of Zhor {*Englaciate rC+++ SInv}
 22295 | Lair:3   | Reached skill level 1 in Earth Magic
 22674 | Lair:2   | Reached skill level 2 in Earth Magic
 22804 | Lair:3   | Reached skill level 4 in Shields
 22952 | Lair:3   | Identified the +8 shortbow of Compulsion {antimagic, rPois
                  | Str+8 Int-4}
 22987 | Lair:3   | Reached skill level 4 in Throwing
 23324 | Lair:3   | Reached skill level 6 in Poison Magic
 23327 | Lair:3   | Reached skill level 3 in Fighting
 23506 | Lair:3   | Reached skill level 9 in Spellcasting
 23803 | Lair:4   | Noticed an acid blob
 23803 | Lair:4   | Found a runed translucent door.
 23803 | Lair:4   | Found a staircase to the Slime Pits.
 23804 | Lair:4   | Noticed an acid blob
 24135 | Lair:4   | Reached skill level 7 in Evocations
 24417 | Lair:4   | Noticed Sonja
 24420 | Lair:4   | Killed Sonja
 24572 | Lair:5   | Entered Level 5 of the Lair of Beasts
 24584 | Lair:5   | Reached skill level 4 in Transmutations
 25140 | Lair:5   | Offered knowledge of Flame Wave by Vehumet.
 25349 | Lair:5   | Noticed a dire elephant
 25355 | Lair:5   | Noticed a dire elephant
 25356 | Lair:5   | Noticed a dire elephant
 25361 | Lair:5   | Slain by a dire elephant

Vanquished Creatures
  Josephine (D:12)
  Harold (D:10)
  4 hydras
  A centaur warrior (D:12)
  4 two-headed ogres
  4 boulder beetles
  5 death yaks
  Urug (D:12)
  Sonja (Lair:4)
  An oklob plant (Lair:1)
  3 deep elf pyromancers (D:12)
  A harpy (D:12)
  An ugly thing (D:11)
  5 cyclopes
  2 manticores
  2 merfolk sirens (Lair:2)
  Maurice (D:8)
  A torpor snail (Lair:2)
  3 black mambas
  8 cane toads
  3 gargoyles
  2 unseen horrors
  Maggie (D:6)
  4 komodo dragons
  A kobold demonologist (D:11)
  3 rime drakes
  4 trolls
  2 hornets
  8 blink frogs
  2 merfolk (Lair:2)
  Grinder (D:4)
  5 dream sheep (Lair:4)
  5 slime creatures
  5 culicivoras (Lair:2)
  3 shadows
  7 wraiths
  3 wyverns
  2 steam dragons
  3 basilisks
  30 yaks
  5 vampire mosquitoes
  2 acid dragons
  12 water moccasins
  An ice beast (D:5)
  Pargi (Sewer)
  2 orc warriors
  3 ogres
  19 wolves (Lair:3)
  6 centaurs
  2 phantoms
  3 kobold brigands
  Blork the orc (D:5)
  13 bullfrogs
  A gnoll sergeant (D:10)
  3 scorpions
  10 wights
  An elephant simulacrum (Lair:5)
  10 killer bees
  A troll zombie (D:12)
  2 electric eels
  4 howler monkeys
  A hound (D:4)
  2 jellies
  9 orc priests
  2 gnoll boudas
  2 sleepcaps
  7 orc wizards
  3 iguanas
  A statue (D:7)
  6 ogre zombies (D:12)
  Robin (D:2)
  11 adders
  16 gnolls
  3 worms
  2 dart slugs
  31 orcs
  7 ball pythons
  12 endoplasms
  6 giant cockroaches
  9 goblins
  10 hobgoblins
  4 jackals (D:2)
  19 kobolds
  7 quokkas
  4 bats
  7 frilled lizards
  2 goblin skeletons (D:12)
  2 goblin zombies (D:12)
  4 hobgoblin zombies (D:12)
  5 orc skeletons (D:12)
  7 orc zombies (D:12)
  5 rats
453 creatures vanquished.

Vanquished Creatures (collateral kills)
  A foxfire (D:8)
1 creature vanquished.

Vanquished Creatures (others)
  An orc (D:7)
  1287 foxfires
  24 fungi
  71 plants
  6 withered plants (Lair:5)
1389 creatures vanquished.

Grand Total: 1843 creatures vanquished

Table legend: (Time is in decaauts)
 A = Elapsed time spent in this place.
 B = Non-inter-level travel time spent in this place.
 C = Inter-level travel time spent in this place.
 D = Time resting spent in this place.
 E = Time spent auto-exploring this place.
 F = Levels seen in this place.
 G = Mean time per level.
                   A        B        C        D        E       F      G
               +--------+--------+--------+--------+--------+-----+--------+
         Total |  25518 |  24794 |    724 |   3684 |  17087 |  19 | 1343.1 |
       Dungeon |  19298 |  18706 |    592 |   3253 |  12096 |  12 | 1608.2 |
        Temple |    231 |    205 |     26 |      0 |    190 |   1 |  231.0 |
          Lair |   5567 |   5462 |    105 |    431 |   4445 |   5 | 1113.4 |
         Sewer |    420 |    420 |      0 |      0 |    356 |   1 |  420.0 |
               +--------+--------+--------+--------+--------+-----+--------+

Top non-repeatable levels by time:
    D:11: 3356 daAuts
    D:12: 2051 daAuts
     D:3: 1719 daAuts
     D:8: 1647 daAuts
     D:7: 1646 daAuts
     D:9: 1588 daAuts
     D:4: 1582 daAuts
  Lair:1: 1458 daAuts
    D:10: 1411 daAuts
  Lair:2: 1328 daAuts
     D:1: 1324 daAuts
  Lair:3: 1213 daAuts
     D:2: 1100 daAuts
     D:6: 941 daAuts
     D:5: 928 daAuts

Table legend:
 A = Non-vault XP
 B = Vault XP
 C = Vault XP percentage of total XP
 D = Non-vault monster count
 E = Vault monster count
 F = Vault count percentage of total count
                 A         B        C        D         E       F
            +---------+---------+-------+---------+---------+-------
      Total |   38104 |   30077 |  44.1 |     322 |     131 |  28.9
            +---------+---------+-------+---------+---------+-------
        D:1 |      37 |       0 |   0.0 |      20 |       0 |   0.0
        D:2 |      72 |      25 |  25.8 |      20 |       7 |  25.9
        D:3 |     184 |      67 |  26.7 |      17 |      22 |  56.4
        D:4 |     652 |     313 |  32.4 |      29 |       2 |   6.5
        D:5 |     467 |      91 |  16.3 |      15 |       1 |   6.2
        D:6 |     654 |     395 |  37.7 |       5 |       1 |  16.7
        D:7 |    1543 |      32 |   2.0 |      26 |       1 |   3.7
        D:8 |    2972 |     457 |  13.3 |      30 |       1 |   3.2
        D:9 |    3415 |       0 |   0.0 |      28 |       0 |   0.0
       D:10 |    1369 |     873 |  38.9 |      20 |       1 |   4.8
       D:11 |    3044 |    7318 |  70.6 |      18 |      17 |  48.6
       D:12 |    4419 |    9719 |  68.7 |      18 |      47 |  72.3
     Lair:1 |    2346 |     617 |  20.8 |      10 |       1 |   9.1
     Lair:2 |    3380 |    5519 |  62.0 |       9 |      14 |  60.9
     Lair:3 |    6119 |    3645 |  37.3 |      30 |       7 |  18.9
     Lair:4 |    1965 |     776 |  28.3 |       9 |       1 |  10.0
     Lair:5 |    5466 |      63 |   1.1 |      18 |       1 |   5.3
      Sewer |       0 |     167 | 100.0 |       0 |       7 | 100.0
            +---------+---------+-------+---------+---------+-------
